 Dungeon Crawl Stone Soup version 0.20-a0-223-g066d66b (webtiles) character file.

786 FrankyJ the Ruffian (level 7, -1/70 HPs)
             Began as a Troll Fighter on Nov 30, 2016.
             Slain by an orc
             ... wielding a +0 flail
              (5 damage)
             ... on level 5 of the Dungeon.
             The game lasted 00:09:03 (3008 turns).

FrankyJ the Ruffian (Troll Fighter)                 Turns: 3008, Time: 00:09:03

Health: -1/70      AC:  5    Str: 25    XL:     7   Next: 56%
Magic:  6/6        EV: 10    Int:  4    God:
Gold:   471        SH:  9    Dex: 11    Spells: 6/6 levels left

rFire  + . .     SeeInvis .       - Unarmed
rCold  x . .     Gourm    +     a - +0 robe
rNeg   . . .     Faith    .     b - +0 shield
rPois  .         Spirit   .     (helmet restricted)
rElec  .         Reflect  .     (no cloak)
rCorr  .         Harm     .     (gloves unavailable)
MR     .....                    (boots unavailable)
Stlth  ++........               f - amulet of rage
                                n - ring of stealth
                                g - ring of fire

@: exhausted
A: unfitting armour, claws 3, fast metabolism 3, gourmand, regeneration 1,
shaggy fur 1, tough skin 2
a: Evoke Berserk Rage


You were on level 5 of the Dungeon.
You were not hungry.

You visited 1 branch of the dungeon, and saw 5 of its levels.

You collected 500 gold pieces.
You paid 29 gold pieces to Gozag.

Inventory:

Hand Weapons
 r - a +4 rapier of venom
Armour
 a - a +0 robe (worn)
 b - a +0 shield (worn)
Jewellery
 f - an amulet of rage (around neck)
 g - a ring of fire (left claw)
 n - a ring of stealth (right claw)
 t - an uncursed ring of fire
Scrolls
 h - 4 scrolls of remove curse
 k - 2 scrolls of enchant armour {unknown}
 l - a scroll of random uselessness {unknown}
 m - a scroll of identify {unknown}
 p - 2 scrolls of amnesia {unknown}
Potions
 c - a potion of might
 e - 2 potions of cure mutation {unknown}
 i - 3 potions of curing {unknown}
 o - a potion of berserk rage {unknown}
 q - a potion of degeneration {unknown}
 s - 2 potions of flight {unknown}
 u - a potion of heal wounds
Comestibles
 d - 4 bread rations


   Skills:
 + Level 4.2 Fighting
 + Level 4.3 Dodging
 + Level 4.2 Shields
 + Level 4.5 Unarmed Combat


You had 6 spell levels left.
You didn't know any spells.

Dungeon Overview and Level Annotations

Branches:
Dungeon (5/15)
 Temple: D:4-7

Altars:
Gozag
Kikubaaqudgha
Okawaru
Ru
Vehumet


Innate Abilities, Weirdness & Mutations

You are too large for most types of armour.
You have claws for hands.
Your metabolism is lightning-fast.
You like to eat raw meat.
Your natural rate of healing is unusually fast.
You are covered in fur. (AC +1)
You have very tough skin. (AC +2)


Message History

You block the orc's attack. You block something's attack.
The orc hits you with a flail.
* * * LOW HITPOINT WARNING * * *
You hear some strange, mumbled words.
A magic dart appears from out of thin air!
The magic dart hits you!
* * * LOW HITPOINT WARNING * * *
You scratch the orc but do no damage. Something hits you but does no damage.
You barely miss the orc. The orc completely misses you. Something hits you.
* * * LOW HITPOINT WARNING * * *
You closely miss the orc.
An orc wizard appears from thin air!
Reactivating autopickup.
The orc closely misses you.
Your shield prevents you from hitting the orc wizard.
You block the orc wizard's attack. The orc closely misses you.
You block the orc's attack.
You mangle the orc wizard!!
You kill the orc wizard!
You barely miss the orc. The orc hits you with a flail.
You die...

...#,,,,,,,,,,,#...#,,,*
...#,,,,,,,,,,,#...#,,,*
...#,,,,,,,,,,,#...#,,,*
...#,,,,,,,,,,,#...#,,,*
...#...........#...#,,,*
...#...........#...#,,,*
...#...........#.).#,,,*
...#...........#)o.#,,,*
...#...........#@).#,,,*
#####..........#..##,,**
#..##..........#..##+###
...............#.......#
...............#.......#
#####..........#......[#
#..##..........#.......#
...............#.......#
...##....##....#.......#


You could see an orc.

Vanquished Creatures
  Eustachio (D:4)
  An ogre (D:4)
  A bullfrog (D:4)
  3 scorpions
  A quasit (D:5)
  A bullfrog zombie (D:5)
  An orc priest (D:5)
  2 orc wizards (D:5)
  A centaur skeleton (D:4)
  A worker ant (D:4)
  5 adders
  An adder skeleton (D:4)
  5 worms
  A dart slug (D:4)
  A leopard gecko (D:1)
  6 orcs
  6 giant cockroaches
  8 goblins
  7 hobgoblins
  2 jackals (D:2)
  3 quokkas (D:2)
  7 bats
  5 frilled lizards
  11 kobolds
  7 rats
88 creatures vanquished.

Notes
Turn   | Place    | Note
-------+----------+-------------------------------------------
     0 | D:1      | FrankyJ the Troll Fighter began the quest for the Orb.
     0 | D:1      | Reached XP level 1. HP: 22/22 MP: 0/0
   246 | D:1      | Reached XP level 2. HP: 29/29 MP: 1/1
   741 | D:2      | Found an opulent altar of Gozag.
   756 | D:2      | Reached XP level 3. HP: 36/36 MP: 2/2
   761 | D:2      | Became a worshipper of Gozag Ym Sagoz the Greedy
   808 | D:2      | Found a radiant altar of Vehumet.
   890 | D:2      | Found a faded altar of an unknown god.
   978 | D:2      | Found an ancient bone altar of Kikubaaqudgha.
  1323 | D:3      | Reached XP level 4. HP: 35/45 MP: 3/3
  1784 | D:4      | Found an iron altar of Okawaru.
  1849 | D:4      | Reached XP level 5. HP: 53/53 MP: 4/4
  1979 | D:4      | Noticed Eustachio
  2005 | D:4      | Killed Eustachio
  2005 | D:4      | Reached XP level 6. HP: 62/62 MP: 5/5
  2239 | D:4      | Reached XP level 7. HP: 68/70 MP: 6/6
  2520 | D:5      | Entered Level 5 of the Dungeon
  2538 | D:4      | Fell from the grace of Gozag
  2738 | D:5      | Found a sacrificial altar of Ru.
  3001 | D:5      | HP: 3/70 [something/magic dart (4)]
  3003 | D:5      | HP: 1/70 [something (3)]
  3008 | D:5      | Slain by an orc

Vault maps used:
D:1:      saegor_arrival_under_anarchy, hex_large
D:2:      kiku_gazebo_pond_becter, overflow_temple_1_default,
          nicolae_overflow_crystal_walls, chequers_ecumenical_altar_simple
D:3:      grunt_ministairs_10
D:4:      lemuel_doored_altar, first_bread, uniq_eustachio
D:5:      tso_oasis_becter, nicolae_ru_great_annihilating_truth

Skill      XL: |  1  2  3  4  5  6  7 |
---------------+----------------------+-----
Dodging        | 3 4 |  4.3
Fighting       | 3 4 |  4.2
Shields        | 3 4 |  4.2
Unarmed Combat | 3 4 |  4.5

Action                   |  1- 3 |  4- 6 |  7- 9 || total
-------------------------+-------+-------+-------++-------
Melee: Unarmed           |   161 |    94 |    70 ||   325
Invok: Potion Petition   |       |     1 |       ||     1
       Renounce Religion |       |       |     1 ||     1
 Abil: Evoke Berserk Rag |       |       |     3 ||     3
  Use: Scroll            |       |       |     2 ||     2
 Stab: Sleeping          |       |       |     3 ||     3
       Paralysed         |       |       |     1 ||     1
  Eat: Chunk             |     8 |       |     7 ||    15
       Fruit             |       |     4 |       ||     4
       Meat ration       |       |     1 |       ||     1
       Bread ration      |       |       |     1 ||     1
Armor: Robe              |    55 |    25 |    35 ||   115
Dodge: Dodged            |    53 |    46 |    30 ||   129
Block: Shield            |    63 |    42 |    67 ||   172
